 Dungeon Crawl Stone Soup version 0.29.0-4-gdea44cf6ec (webtiles) character file.

Game seed: 14977864226539672020

85 qw the Chopper (level 4, -1/26 HPs)
             Began as a Tengu Warper on Aug 28, 2022.
             Slain by a scorpion (5 damage)
             ... on level 4 of the Dungeon.
             The game lasted 00:00:17 (3214 turns).

qw the Chopper (Tengu Warper)                       Turns: 3214, Time: 00:00:17

Health: -1/26      AC:  6    Str: 13    XL:     4   Next: 48%
Magic:  8/8        EV:  9    Int: 14    God:
Gold:   40         SH:  0    Dex: 13    Spells: 7/7 levels left

rFire   . . .      SeeInvis .   Y - +1 hand axe
rCold   . . .      Faith    .   (no shield)
rNeg    . . .      Spirit   .   e - +0 scale mail
rPois   .          Reflect  .   (helmet restricted)
rElec   .          Harm     .   (no cloak)
rCorr   .          Rampage  .   (no gloves)
Will    .....                   (boots unavailable)
Stlth   ..........              (no amulet)
HPRegen 0.08/turn               (no ring)
MPRegen 0.11/turn               (no ring)

@: lethally poisoned (-1 -> -8)
A: beak, talons 3
a: no special abilities


You were on level 4 of the Dungeon.
You visited 1 branch of the dungeon, and saw 4 of its levels.

You collected 260 gold pieces.
You spent 220 gold pieces at shops.


Innate Abilities, Weirdness & Mutations

You have a beak for a mouth.
You have claws for feet.


   Skills:
 - Level 2.0 Fighting
 + Level 5.0 Axes
 - Level 1.0 Throwing
 - Level 1.1 Armour
 - Level 2.1 Dodging
 - Level 2.0 Spellcasting
 - Level 2.4 Translocations


You had 7 spell levels left.
You didn't know any spells.
Your spell library contained the following spells:

 Spells                   Type           Power      Damage    Failure   Level
 Blink                    Tloc           16%        N/A       54%         2
 Gell's Gravitas          Tloc           8%         N/A       78%         3
 Lesser Beckoning         Tloc           8%         N/A       78%         3
 Teleport Other           Tloc           8%         N/A       78%         3
 Manifold Assault         Tloc           8%         N/A       100%        5

Inventory:

Hand Weapons
 a - a +0 mace
 Y - a +1 hand axe (weapon)
Armour
 e - a +0 scale mail (worn)
Jewellery
 b - a ring of willpower
Scrolls
 j - a scroll of identify
Potions
 f - 7 potions of curing
 g - 2 potions of cancellation
 i - 2 potions of heal wounds

Dungeon Overview and Level Annotations

Branches:
Dungeon (4/15)
 Temple: D:4-7

Altars:
Sif Muna
The Shining One

Shops:
D:1 !   D:3 !


Message History

An adder comes into view.
You hit the orc. You peck the orc, but do no damage.
The orc is severely wounded.
The orc barely misses you.
You hit the orc. You claw the orc.
You kill the orc!
You barely miss the orc. Your kick misses the orc. You peck the orc.
The orc is moderately wounded.
The orc hits you with a +0 hand axe.
You hit the orc. You peck the orc.
You kill the orc!
You closely miss the scorpion.
An orc wizard comes into view. It is wielding a +0 dagger.
The scorpion stings you. The adder closely misses you.
You closely miss the scorpion.
The orc wizard shouts!
The orc shouts!
You peck the scorpion, but do no damage.
You closely miss the adder. The scorpion stings you.
You are poisoned.
The scorpion poisons you! The adder bites you but does no damage.
You closely miss the scorpion. You closely miss the adder.
You feel sick. The scorpion stings you. The adder barely misses you.
The orc wizard gestures wildly while chanting.
The orc wizard flickers and vanishes!
Deactivating autopickup; reactivate with Ctrl-A.
You hit the scorpion. You claw the scorpion. Your peck misses the scorpion.
The scorpion is heavily wounded.
You miss the adder.
You feel sick. The adder bites you but does no damage.
The scorpion completely misses you.
The scorpion stings you but does no damage.
The adder bites you.
You are lethally poisoned!
The adder poisons you!
You closely miss the scorpion. You claw the scorpion. You peck the scorpion.
The scorpion is severely wounded.
You closely miss the adder.
You feel sick. The adder bites you. The scorpion stings you.
You die...

... .... #.###
#...^.... #....
#........ #....#
#........
#>....###........
#....o.##........
#....{o..........
...o..#Ss#........
o..## ##@........#
. ###..###### #..#
#..# #..# #..##
#...## #.#.)#
#.##.##


You could see a scorpion, an adder and 2 orcs.

Vanquished Creatures
  2 adders (D:3)
  A worm (D:3)
  3 orcs (D:4)
  3 bats
  9 endoplasms
  3 giant cockroaches
  5 goblins
  4 hobgoblins
  4 jackals (D:3)
  3 quokkas
  7 ball pythons
  3 frilled lizards
  5 kobolds
  2 rats
54 creatures vanquished.

Vanquished Creatures (others)
  3 plants (D:1)
  3 toadstools (D:2)
6 creatures vanquished.

Grand Total: 60 creatures vanquished

Notes
Turn   | Place    | Note
-------+----------+-------------------------------------------
     0 | D:1      | qw the Tengu Warper began the quest for the Orb.
     0 | D:1      | Reached XP level 1. HP: 12/12 MP: 4/4
     0 | D:1      | 0 ||| qw: Version: 0.1-a-89-g26bdef1
     0 | D:1      | 0 ||| qw: Game counter: 2851
     0 | D:1      | 0 ||| qw: Always use a shield: true
     0 | D:1      | 0 ||| qw: God list: Okawaru
     0 | D:1      | 0 ||| qw: Allow faded altars: false
     0 | D:1      | 0 ||| qw: Do Orc after D:15 true
     0 | D:1      | 0 ||| qw: Do second Lair branch before Depths: true
     0 | D:1      | 0 ||| qw: Lair rune preference: random
     0 | D:1      | 0 ||| qw: Plans: Normal
     0 | D:1      | 0 ||| PLANNING D:1-11
   262 | D:1      | Reached skill level 3 in Axes
   262 | D:1      | Reached XP level 2. HP: 17/17 MP: 6/6
   455 | D:1      | 455 ||| Stepping ~*~*~tactically~*~*~ (stealth).
   485 | D:1      | 485 ||| Stepping ~*~*~tactically~*~*~ (stealth).
   504 | D:1      | 504 ||| Stepping ~*~*~tactically~*~*~ (stealth).
   505 | D:1      | 505 ||| Stepping ~*~*~tactically~*~*~ (stealth).
   510 | D:1      | 510 ||| Stepping ~*~*~tactically~*~*~ (stealth).
   545 | D:1      | Found a faded altar of an unknown god.
   557 | D:1      | 557 ||| Stepping ~*~*~tactically~*~*~ (stealth).
   974 | D:1      | Found Fukuedun's Distillery.
   983 | D:1      | 983 ||| SHOPLISTING potion of cancellation (104 gold, have
                  | 59).
   983 | D:1      | 983 ||| SHOPLISTING potion of heal wounds (65 gold, have
                  | 59).
  1007 | D:1      | 1007 ||| UPGRADING to +0 scale mail.
  1017 | D:1      | 1017 ||| DROPPING +0 leather armour.
  1018 | D:1      | 1018 ||| READING scroll labelled DUFU XOIDYTT.
  1019 | D:1      | 1019 ||| READING 2 scrolls labelled RYBLEOVAN.
  1020 | D:1      | 1020 ||| DRINKING 2 bubbling clear potions.
  1021 | D:1      | 1021 ||| DROPPING scroll of blinking.
  1078 | D:2      | 1078 ||| Stepping ~*~*~tactically~*~*~ (stealth).
  1080 | D:2      | 1080 ||| Stepping ~*~*~tactically~*~*~ (stealth).
  1216 | D:2      | 1216 ||| Stepping ~*~*~tactically~*~*~ (stealth).
  1218 | D:2      | Reached XP level 3. HP: 21/21 MP: 7/7
  1604 | D:2      | Reached skill level 4 in Axes
  2069 | D:2      | 2069 ||| READING scroll labelled ATSUYP QOGU.
  2070 | D:2      | 2070 ||| READING scroll labelled ASHOPO YPYT.
  2071 | D:2      | 2071 ||| READING 2 scrolls of identify.
  2071 | D:2      | 2071 ||| IDENTIFYING silvery potion
  2345 | D:3      | 2345 ||| DROPPING +0 club.
  2346 | D:3      | Found a glowing golden altar of the Shining One.
  2346 | D:3      | Found a shimmering blue altar of Sif Muna.
  2368 | D:3      | 2368 ||| Stepping ~*~*~tactically~*~*~ (stealth).
  2372 | D:3      | 2372 ||| Stepping ~*~*~tactically~*~*~ (stealth).
  2497 | D:3      | Reached XP level 4. HP: 22/26 MP: 8/8
  2652 | D:3      | Found Lasomuh's Distillery.
  2661 | D:3      | 2661 ||| BUYING potion of curing (33 gold).
  2661 | D:3      | Bought a potion of curing for 33 gold pieces
  2661 | D:3      | 2661 ||| BUYING potion of curing (33 gold).
  2661 | D:3      | Bought a potion of curing for 33 gold pieces
  2661 | D:3      | 2661 ||| BUYING potion of curing (33 gold).
  2661 | D:3      | Bought a potion of curing for 33 gold pieces
  2661 | D:3      | 2661 ||| BUYING potion of curing (33 gold).
  2661 | D:3      | Bought a potion of curing for 33 gold pieces
  2661 | D:3      | 2661 ||| BUYING potion of curing (33 gold).
  2661 | D:3      | Bought a potion of curing for 33 gold pieces
  2661 | D:3      | 2661 ||| BUYING potion of heal wounds (55 gold).
  2661 | D:3      | Bought a potion of heal wounds for 55 gold pieces
  2661 | D:3      | 2661 ||| SHOPLISTING potion of heal wounds (55 gold, have
                  | 2).
  2769 | D:3      | 2769 ||| READING scroll labelled UVEBIE JOESEY.
  2772 | D:3      | 2772 ||| READING scroll labelled JAC COOSKODA.
  2773 | D:3      | 2773 ||| READING 2 scrolls of identify.
  2773 | D:3      | 2773 ||| IDENTIFYING cyan potion
  2774 | D:3      | 2774 ||| DROPPING potion of brilliance.
  2790 | D:4      | 2790 ||| STAIRDANCE
  2833 | D:4      | 2833 ||| STAIRDANCE
  3050 | D:4      | 3050 ||| Stepping ~*~*~tactically~*~*~ (stealth).
  3138 | D:4      | Reached skill level 5 in Axes
  3194 | D:4      | Noticed a scorpion
  3195 | D:4      | 3195 ||| Stepping ~*~*~tactically~*~*~ (stealth).
  3201 | D:4      | 3201 ||| Stepping ~*~*~tactically~*~*~ (stealth).
  3214 | D:4      | HP: 4/26 [adder (3)]
  3214 | D:4      | Slain by a scorpion

Levels and vault maps discovered:
D:1:      dpeg_arrival_stone_temple_mockup, layout_loops_ring,
          shapermc_ecumenical_altar_mp_urbaneastern, serial_shops,
          nicolae_lakefront_shop
D:2:      layout_loops_corners, minmay_misc_feat_more_columns,
          minmay_gold_behind_fungi
D:3:      layout_rooms, grunt_temple_overflow_open, serial_shops, shop,
          corexii_item_surrounded_by_moat, nicolae_underground_beach
D:4:      layout_basic

Skill      XL: |  1  2  3  4 |
---------------+-------------+-----
Axes           | 3 4 5 |  5.0
Fighting       | |  2.0
Throwing       | |  1.0
Armour         | |  1.1
Dodging        | |  2.1
Spellcasting   | |  2.0
Translocations | |  2.4

Action                   |  1- 3 |  4- 6 || total
-------------------------+-------+-------++-------
Melee: Hand axe          |    87 |    33 ||   120
       Kick              |    30 |     8 ||    38
       Peck              |     9 |     8 ||    17
       Punch             |     1 |       ||     1
Throw: Boomerang         |     7 |       ||     7
  Use: Scroll            |     5 |     3 ||     8
       Potion            |     1 |       ||     1
Armor: Leather armour    |    11 |       ||    11
       Scale mail        |    20 |    21 ||    41
Dodge: Dodged            |    40 |    18 ||    58

Table legend:
 A = Non-vault XP
 B = Vault XP
 C = Vault XP percentage of total XP
 D = Non-vault monster count
 E = Vault monster count
 F = Vault count percentage of total count
                 A         B        C        D         E       F
            +---------+---------+-------+---------+---------+-------
      Total |     122 |       0 |   0.0 |      54 |       0 |   0.0
            +---------+---------+-------+---------+---------+-------
        D:1 |      30 |       0 |   0.0 |      17 |       0 |   0.0
        D:2 |      19 |       0 |   0.0 |      12 |       0 |   0.0
        D:3 |      52 |       0 |   0.0 |      15 |       0 |   0.0
        D:4 |      21 |       0 |   0.0 |      10 |       0 |   0.0
            +---------+---------+-------+---------+---------+-------
